 Dungeon Crawl Stone Soup version 0.17-a0-512-gd6a67cc (webtiles) character file.

144 Fluffy the Slasher (level 5, 0/41 HPs)
             Began as a Demonspawn Gladiator on Apr 11, 2015.
             Slain by Natasha (7 damage)
             ... on level 3 of the Dungeon.
             The game lasted 00:07:31 (2180 turns).

Fluffy the Slasher (Demonspawn Gladiator)           Turns: 2180, Time: 00:07:31

Health: 0/41       AC: 10    Str: 16    XL:     5   Next: 5%
Magic:  5/5        EV: 12    Int: 14    God:
Gold:   103        SH:  0    Dex: 17    Spells: 0 memorised, 4 levels left

rFire  + . .     SeeInvis .     a - +0 long sword
rCold  + . .     Clarity  .     l - +0 ring mail {rC+}
rNeg   . . .     SustAb   .     (no shield)
rPois  .         Gourm    .     c - +0 helmet
rElec  .         Spirit   .     (no cloak)
rCorr  .         Warding  .     (no gloves)
rMut   +         Stasis   .     (no boots)
MR     .....                    j - amulet of resist mutation
Stlth  ++........               (no ring)
                                h - +4 ring of dexterity

@: brilliant, not resistant to hostile enchantments, unstealthy
A: claws 1, rough black scales 1, fire resistance 1, nightstalker 1
a: no special abilities


You were on level 3 of the Dungeon.
You were hungry.

You visited 1 branch of the dungeon, and saw 3 of its levels.

You collected 103 gold pieces.

Inventory:

Hand weapons
 a - a +0 long sword (weapon)
Missiles
 d - 3 throwing nets (quivered)
Armour
 c - a +0 helmet (worn)
 l - a +0 ring mail of cold resistance (worn)
Jewellery
 h - a +4 ring of dexterity (left claw)
 j - an amulet of resist mutation (around neck)
Scrolls
 i - a scroll of fear {unknown}
 m - a scroll of identify {unknown}
 n - a scroll of random uselessness {unknown}
 o - 2 scrolls of remove curse {unknown}
 s - a scroll of fog {unknown}
 t - a scroll of noise {unknown}
 u - a scroll of recharging {unknown}
 w - a scroll of magic mapping {unknown}
Potions
 e - a potion of resistance
 p - a potion of haste
 r - a potion of poison {unknown}
Books
 b - a book of the Tempests

   Spells                             Type                      Level
   a - Static Discharge               Conjuration/Air              3
   b - Lightning Bolt                 Conjuration/Air              5
   c - Fireball                       Conjuration/Fire             5
   d - Tornado                        Air                          9
   e - Shatter                        Earth                        9
Comestibles
 f - 3 bread rations
 v - 5 fruits


   Skills:
 + Level 3.6 Fighting
 + Level 4.0 Long Blades
 - Level 1.7 Throwing
 + Level 1.0 Armour
 + Level 2.9 Dodging


You had 4 spell levels left.
You didn't know any spells.

Dungeon Overview and Level Annotations

Branches:
Dungeon (3/15)

Altars:
Elyvilon
Qazlal
Yredelemnul
Zin

Annotations:
D:3 Natasha, Sigmund


Innate Abilities, Weirdness & Mutations

You have sharp fingernails.
You are partially covered in rough black scales (AC +4, Dex -1).
Your flesh is heat resistant.
You are slightly more attuned to the shadows.


Message History

The magic dart hits you!
Natasha is no longer unusually resistant.
The shadow imp shouts, "Fly, thou paunchy clay-brained tinkerer!"
Natasha stares at you and mumbles some strange words.
The magic dart hits you!
You closely miss the shadow imp. The shadow imp hits you.
Natasha barely misses you.
You miss Natasha.
You feel less confused. The shadow imp gestures at you.
Pain shoots through your body!
* * * LOW HITPOINT WARNING * * *
Natasha claws you.
* * * LOW HITPOINT WARNING * * *
Drink which item? (? for menu, Esc to quit)
It was a potion of brilliance.
You feel clever all of a sudden.
The shadow imp hits you but does no damage.
Natasha claws you!
You die...

. .... #... .....#####
.........# ..........#
..........###
..........5@#
.<.......h.## ..
##........).# ...
...........# ...
...........#### ...
.......(.....###### #.
...####...........## #.
........(.........# #.
......#..........#####.


You could see Natasha and a shadow imp.

Vanquished Creatures
  Natasha (D:3)
  Robin (D:3)
  3 adders (D:2)
  A worm (D:2)
  An ooze (D:2)
  2 bats
  13 goblins
  13 hobgoblins
  4 jackals (D:2)
  2 quokkas (D:3)
  4 giant cockroaches
  4 giant newts
  12 kobolds
  10 rats
71 creatures vanquished.

Notes
Turn   | Place    | Note
--------------------------------------------------------------
     0 | D:1      | Fluffy, the Demonspawn Gladiator, began the quest for the Orb.
     0 | D:1      | Reached XP level 1. HP: 16/16 MP: 1/1
    55 | D:1      | Reached skill level 3 in Long Blades
    59 | D:1      | Gained mutation: You are slightly more attuned to the shadows. [demonic ancestry]
    59 | D:1      | Reached XP level 2. HP: 20/23 MP: 2/2
   654 | D:1      | Gained mutation: You have sharp fingernails. [demonic ancestry]
   654 | D:1      | Reached XP level 3. HP: 25/28 MP: 3/3
  1002 | D:2      | Found a glowing silver altar of Zin.
  1003 | D:2      | Found a white marble altar of Elyvilon.
  1003 | D:2      | Found a stormy altar of Qazlal.
  1139 | D:2      | Found a basalt altar of Yredelemnul.
  1151 | D:2      | Gained mutation: You are partially covered in rough black scales (AC +4, Dex -1). [demonic ancestry]
  1151 | D:2      | Reached XP level 4. HP: 35/35 MP: 4/4
  1632 | D:3      | Noticed Robin
  1636 | D:3      | Killed Robin
  1649 | D:3      | Reached skill level 4 in Long Blades
  1810 | D:3      | Noticed Sigmund
  2040 | D:3      | Noticed Natasha
  2056 | D:3      | HP: 1/35 [Natasha/magic dart (2)]
  2057 | D:3      | Killed Natasha
  2057 | D:3      | Reached skill level 1 in Armour
  2057 | D:3      | Gained mutation: Your flesh is heat resistant. [demonic ancestry]
  2057 | D:3      | Reached XP level 5. HP: 1/41 MP: 5/5
  2149 | D:3      | Noticed Natasha
  2180 | D:3      | Slain by Natasha

Action                   |  1- 3 |  4- 6 || total
-------------------------+-------+-------++-------
Melee: Long sword        |   119 |    75 ||   194
  Use: Potion            |       |     4 ||     4
 Stab: Sleeping          |     2 |     2 ||     4
  Eat: Chunk             |     1 |     3 ||     4
